 Dungeon Crawl Stone Soup version 0.20.1-1-g8b1a95d (webtiles) character file.

98 Irenicus the Insei (level 4, 0/31 HPs)
             Began as an Octopode Chaos Knight on Oct 8, 2017.
             Hit by a goblin thrown by Robin (1 damage)
             ... on level 3 of the Dungeon.
             The game lasted 00:05:19 (1081 turns).

Irenicus the Insei (Octopode Chaos Knight)          Turns: 1081, Time: 00:05:21

Health: 0/31       AC:  1    Str: 11    XL:     4   Next: 71%
Magic:  4/4        EV: 19    Int: 14    God:    Xom [..*...]
Gold:   118        SH:  0    Dex: 17    Spells: 2/3 levels left

rFire    . . .     SeeInvis .     - Unarmed
rCold    . . .     Gourm    .   (no shield)
rNeg     . . .     Faith    .   (helmet restricted)
rPois    .         Spirit   .   (no amulet)
rElec    .         Reflect  .   (no ring)
rCorr    .         Harm     .   (no ring)
MR       .....                  (no ring)
Stlth    ++++......             (no ring)
Regen    0.1/turn               (no ring)
MPRegen  0.1/turn               (no ring)
                                (no ring)
                                (no ring)

@: agile, berserk cooldown, slowed, very slow
A: almost no armour, stealthy swim, amphibious, 8 rings, constrict 8, camouflage
1, gelatinous body 1
a: Renounce Religion


You were on level 3 of the Dungeon.
You worshipped Xom.
You were a toy of Xom.
You were hungry.

You visited 1 branch of the dungeon, and saw 3 of its levels.

You collected 118 gold pieces.

Inventory:

Scrolls
 b - a scroll of blinking {unknown}
 c - 4 scrolls of amnesia {unknown}
 h - a scroll of enchant armour {unknown}
 i - a scroll of identify {unknown}
 j - a scroll of recharging {unknown}
Books
 e - a book of Changes

   Spells                             Type                      Level
   a - Beastly Appendage              Transmutation                1
   b - Sticks to Snakes               Transmutation                2
   c - Spider Form                    Transmutation/Poison         3
   d - Ice Form                       Ice/Transmutation            4
   e - Blade Hands                    Transmutation                5
Comestibles
 a - 2 bread rations
 k - a meat ration


   Skills:
 - Level 3.0 Fighting
 - Level 2.3 Dodging
 + Level 5.1 Unarmed Combat
 + Level 1.1 Transmutations


You had 2 spell levels left.
You knew the following spells:

 Your Spells              Type           Power        Failure   Level  Hunger
a - Beastly Appendage     Tmut           #.....       19%         1    ##.....


Dungeon Overview and Level Annotations

Branches:
Dungeon (3/15)

Altars:

Annotations:
D:3 Robin


Innate Abilities, Weirdness & Mutations

You cannot wear most types of armour.
You are very stealthy in the water. (Stealth+)
You are amphibious.
You can wear up to eight rings at the same time.
You can use your tentacles to constrict eight enemies at once.
Your skin changes colour to match your surroundings (Stealth+).
Your rubbery body absorbs attacks. (AC +1, EV +1)


Message History

Robin hits you with a short sword of freezing.
Robin freezes you. The goblin misses you. Robin throws the goblin at you!
The goblin misses you.
You closely miss the goblin. Your grab misses the goblin.
The goblin hits you with an uncursed dagger.
* * * LOW HITPOINT WARNING * * *
Robin hits you with a short sword of freezing.
* * * LOW HITPOINT WARNING * * *
Robin freezes you.
* * * LOW HITPOINT WARNING * * *
The goblin closely misses you.
You aren't carrying any items that you can evoke.
The goblin completely misses you. The goblin misses you.
Robin throws the goblin at you!
* * * LOW HITPOINT WARNING * * *
The goblin misses you. The goblin closely misses you. The goblin hits you.
* * * LOW HITPOINT WARNING * * *
Robin throws the goblin at you!
You die...
Xom titters!

#####.#### #.
#...)†.((. #.
#.###.#### #.# #.#
#... ##.##
####.####### ...#
#.........# #..#
#.##.####.# #gg#
#†##.# #.@# #.##.#
###########.g####.##.#
.......g)g(g....(....#
.......)###.†####.####
#######.# #..# #.#
#######.###..# #.#
#.gg†.g......# #.#
...g.#####.####.......
### #.# ##.###..


You could see Robin and 4 goblins.

Vanquished Creatures
  2 gnolls (D:2)
  3 adders
  A worm (D:2)
  3 leopard geckos
  6 bats
  A giant cockroach (D:1)
  8 goblins
  5 hobgoblins
  2 jackals (D:2)
  2 quokkas
  2 ball pythons
  A frilled lizard (D:2)
  7 kobolds
43 creatures vanquished.

Notes
Turn   | Place    | Note
-------+----------+-------------------------------------------
     0 | D:1      | Irenicus the Octopode Chaos Knight began the quest for the Orb.
     0 | D:1      | Reached XP level 1. HP: 16/16 MP: 1/1
    93 | D:1      | Reached XP level 2. HP: 15/21 MP: 2/2
   110 | D:1      | XOM: butterfly on damage
   202 | D:1      | XOM: butterfly on damage
   322 | D:1      | XOM: divination: detect items
   471 | D:2      | Learned a level 1 spell: Beastly Appendage
   480 | D:2      | XOM: harmless Conj miscast
   488 | D:2      | Reached skill level 4 in Unarmed Combat
   488 | D:2      | Reached XP level 3. HP: 17/26 MP: 1/3
   591 | D:2      | XOM: noise
   706 | D:2      | XOM: noise
   708 | D:2      | Reached XP level 4. HP: 25/31 MP: 1/4
   916 | D:2      | XOM: noise
  1027 | D:3      | Reached skill level 5 in Unarmed Combat
  1027 | D:3      | Reached skill level 1 in Transmutations
  1061 | D:3      | Noticed Robin
  1081 | D:3      | HP: 1/31 [goblin[Robin] (3)]
  1081 | D:3      | Hit by a goblin thrown by Robin

Skill      XL: |  1  2  3  4 |
---------------+-------------+-----
Unarmed Combat | 4 5 |  5.1
Transmutations | 1 |  1.1
Fighting       | |  3.0
Dodging        | |  2.3

Action                   |  1- 3 |  4- 6 || total
-------------------------+-------+-------++-------
Melee: Unarmed           |    61 |    29 ||    90
       Tentacles         |    14 |     5 ||    19
       Constrict         |    19 |     7 ||    26
       Punch             |     1 |     2 ||     3
       Kick              |     7 |     5 ||    12
 Cast: Beastly Appendage |     6 |     6 ||    12
  Use: Potion            |       |     3 ||     3
 Stab: Sleeping          |     2 |     2 ||     4
  Eat: Chunk             |       |     1 ||     1
Armor: Skin              |     9 |     2 ||    11
Dodge: Dodged            |    49 |    22 ||    71
